 Dungeon Crawl Stone Soup version 0.28-a0-1567-g1695149f81 (webtiles) character file.

Game seed: 9968471129755411796

2336 murtidash the Summoner (level 9, -4/43 HPs)
             Began as a Felid Summoner on Jan 19, 2022.
             Was an Initiate of Gozag.
             Slain by a small abomination (12 damage)
             ... on level 2 of the Abyss.
             The game lasted 00:37:07 (12141 turns).

murtidash the Summoner (Felid Summoner)            Turns: 12141, Time: 00:37:08

Health: -4/43      AC:  2    Str:  4    XL:     9   Next: 19%
Magic:  23/23      EV: 24    Int: 27    God:    Gozag
Gold:   1243       SH:  0    Dex: 17    Spells: 3/14 levels left
                                        Lives:  0   Deaths: 2

rFire   . . .      SeeInvis +   (weapon unavailable)
rCold   . . .      Faith    .   (shield unavailable)
rNeg    . . .      Spirit   .   (armour unavailable)
rPois   .          Reflect  .   (helmet unavailable)
rElec   .          Harm     .   (cloak unavailable)
rCorr   .          Rampage  .   (gloves unavailable)
Will    +....                   (boots unavailable)
Stlth   ++........              y - amulet of magic regeneration
HPRegen 0.00/turn               o - +6 ring of intelligence
MPRegen 0.58/turn               p - ring of magical power {MP+9}

@: sick, quick
A: very small, claws 1, fangs 3, see invisible, speed 1, shaggy fur 2, stealthy
paws, no weapons or thrown items, no armour, multi-lived
a: Renounce Religion, Potion Petition, Call Merchant, Bribe Branch


You were on level 2 of the Abyss.
You worshipped Gozag.
Gozag was most pleased with you.
You visited 3 branches of the dungeon, and saw 11 of its levels.
You visited the Abyss 1 time.
You also visited: Sewer and Ossuary.

You collected 1452 gold pieces.
You spent 108 gold pieces at shops.
You paid 101 gold pieces to Gozag.

Inventory:

Jewellery
 d - an amulet of the acrobat
   (You found it on level 1 of the Dungeon)
 h - an amulet of regeneration {+regen, !d}
   (You found it on level 2 of the Dungeon)
 n - a ring of positive energy {rN+}
   (You found it on level 5 of the Dungeon)
 o - a +6 ring of intelligence (left paw)
   (You took it off an orc on level 5 of the Dungeon)
 p - a ring of magical power (right paw) {MP+9}
   (You found it on level 1 of the Lair of Beasts)
 q - a ring of flight {+Fly, !d}
   (You found it on level 5 of the Dungeon)
 x - an amulet of reflection
   (You found it on level 1 of the Lair of Beasts)
 y - an amulet of magic regeneration (around neck)
   (You found it on level 8 of the Dungeon)
 A - a ring of willpower
   (You found it on level 8 of the Dungeon)
 D - a +4 ring of slaying
   (You found it on level 9 of the Dungeon)
Wands
 t - a wand of acid (2)
   (You took it off Ijyb on level 5 of the Dungeon)
 z - a wand of flame (7)
   (You found it on level 8 of the Dungeon)
Scrolls
 a - 2 scrolls of teleportation
 i - 3 scrolls of magic mapping {!r}
 l - 3 scrolls of immolation {!r}
 r - 2 scrolls of amnesia
 u - 2 scrolls of fog
 v - 3 scrolls of blinking {!r}
Potions
 b - 2 potions of invisibility {unknown}
 c - a potion of curing {unknown}
 e - a potion of degeneration {unknown}
 f - 3 potions of mutation {!q}
 g - 4 potions of haste {unknown}
 j - a potion of resistance {unknown}
 k - a potion of experience {unknown}
 m - a potion of might {unknown}
 s - a potion of brilliance {unknown}
 w - a potion of heal wounds {unknown}
 B - a potion of lignification {unknown}


   Skills:
 + Level 7.7 Fighting
 + Level 10.5 Dodging
 - Level 2.6 Stealth
 - Level 3.1 Spellcasting
 - Level 5.0 Hexes
 + Level 10.8 Summonings
 + Level 2.3 Transmutations
 + Level 7.0 Air Magic


You had 3 spell levels left.
You knew the following spells:

 Your Spells              Type           Power      Damage    Failure   Level
a - Summon Small Mammal   Summ           100%       N/A       1%          1
b - Summon Guardian Gole  Hex/Summ       47%        N/A       1%          3
c - Call Canine Familiar  Summ           58%        N/A       1%          3
d - Summon Lightning Spi  Summ/Air       51%        N/A       2%          4

Your spell library contained the following spells:

 Spells                   Type           Power      Damage    Failure   Level
 Call Imp                 Summ           58%        N/A       1%          2
 Confusing Touch          Hex            31%        N/A       3%          3
 Yara's Violent Unravell  Hex/Tmut       12%        3d7       47%         5
 Enfeeble                 Hex            15%        N/A       100%        7


Dungeon Overview and Level Annotations

Branches:
Dungeon (9/15)             Temple (1/1) D:4            Lair (1/6) D:8
  Sewer (visited)         Ossuary (visited)
    Orc: D:9-12

Altars:
Ashenzari
Cheibriados
Dithmenos
Elyvilon
Fedhas
Gozag
Hepliaklqana
Kikubaaqudgha
Makhleb
Nemelex Xobeh
Okawaru
Qazlal
Ru
Sif Muna
Trog
Uskayaw
Vehumet
Wu Jian
Xom
Yredelemnul
Zin
The Shining One
Jiyva

Shops:
D:3 *   D:9 ?

Annotations:
Lair:1 Sonja


Innate Abilities, Weirdness & Mutations

You have sharp claws.
You have razor-sharp teeth.
You have supernaturally acute eyesight. (SInv)
You cover ground quickly. (Speed+)
You are covered in thick fur. (AC +2)
Your paws help you pounce on unaware monsters.
You are incapable of wielding weapons or throwing items.
You cannot wear armour.
You gain extra lives every three experience levels.


Message History

Your wolf is covered in liquid flames!
Your wolf burns!
Your wolf bites the deep elf pyromancer.
Your wolf looks sick.
The deep elf pyromancer hits your wolf with a +0 long sword!
Your wolf burns!
Your wolf burns!
Your wolf dies!
Your wolf's corpse disappears in a puff of smoke!
The deep elf pyromancer casts a spell.
The deep elf pyromancer blinks!
MP restored: 23 The worldbinder calls forth creatures from the Elven Halls!
A guardian golem appears, shielding your allies.
The worldbinder calls forth creatures from the Elven Halls!
You now have 20/23 mp.
You swap places.
The worldbinder hits your guardian golem but does no damage.
The worldbinder hits your guardian golem.
The worldbinder calls forth creatures from the Elven Halls!
The deep elf zephyrmancer barely misses your guardian golem.
MP restored: 23 The worldbinder hits your guardian golem. x2
Something hits your guardian golem but does no damage. x2
The worldbinder hits your guardian golem but does no damage. x2
A guardian golem appears, shielding your allies.
You now have 20/23 mp.
The worldbinder hits your guardian golem. x2
The worldbinder hits your guardian golem but does no damage. x2
The worldbinder hits your guardian golem but does no damage.
The worldbinder hits your guardian golem.
The worldbinder hits your guardian golem. x2
The worldbinder hits your guardian golem but does no damage. x2
Something hits your guardian golem.
Something hits your guardian golem but does no damage.
Something hits your guardian golem.
Something hits your guardian golem but does no damage.
MP restored: 23 The worldbinder hits your guardian golem but does no damage. x2
Your guardian golem overheats!
The worldbinder hits your guardian golem.
Flame seeps out of your guardian golem.
The worldbinder hits your guardian golem but does no damage.
Your guardian golem is engulfed in blazing flames.
Flame seeps out of your guardian golem.
You hear an explosion!
You hear a shout!
Found a roughly hewn altar of Beogh.
There is an abandoned shop here.
A flying skull comes into view.
You enter the shallow water.
Moving in this stuff is going to be slow.
Why would you want to do that?
The worldbinder calls forth creatures from the Elven Halls!
The deep elf pyromancer mumbles some strange words.
The deep elf pyromancer mumbles some strange words.
A guardian golem appears, shielding your allies.
The deep elf pyromancer disappears in a puff of smoke!
The fire elemental disappears in a puff of smoke! x2
The flying skull completely misses your guardian golem.
You now have 20/23 mp.
The flying skull hits your guardian golem but does no damage.
The flying skull hits your guardian golem.
Something hits your guardian golem but does no damage. x2
The flying skull hits your guardian golem but does no damage.
A small abomination comes into view.
MP restored: 23 Something hits your guardian golem.
You open the door. The small abomination hits you!
Something unseen opens the door.
The small abomination barely misses you.
You take 17 damage, and have 26/43 hp.
MASSIVE DAMAGE!!
The flying skull hits your guardian golem!
A smoke demon comes into view.
Your guardian golem overheats!
The small abomination barely misses you.
There is an open door here.
The smoke demon roars!
You hear a bellow!
You hear a roar!
The flying skull hits your guardian golem!
Flame seeps out of your guardian golem.
Your guardian golem is engulfed in blazing flames.
Flame seeps out of your guardian golem.
The flying skull hits your guardian golem.
Flame seeps out of your guardian golem. Something hits your guardian golem.
Flame seeps out of your guardian golem.
Your guardian golem is engulfed in blazing flames.
Your guardian golem disappears in a puff of smoke!
The smoke demon gestures at you. Something smites you!
* * * LOW HITPOINT WARNING * * *
You take 15 damage, and have 11/43 hp.
MASSIVE DAMAGE!!
A ynoxinul comes into view.
The small abomination barely misses you.
A thrashing horror comes into view.
The ynoxinul bellows!
The ynoxinul gestures.
You open the door. The small abomination hits you.
* * * LOW HITPOINT WARNING * * *
The small abomination hits you!
You die...
Your body crumbles into a pile of gold.

# # #... .#. ###
.. .. .. ..#
.###'####..
#8.X5#..8# .. #
#...#....# #.#
#.#.x.3#3..# ...
#.'@#.#3#.##...#
#.##5#.#.#.'.# #
#...#..3.# #
#....#. .#
#.#8..#...8# .
#..####'###..#
#............#
#.......#......
#.. ....#≈≈. ♣♣♣


You could see a thrashing horror, a ynoxinul, a small abomination and 2 ufetubi.

Vanquished Creatures
  A jackal (D:2)
  A kobold (D:7)
  A ball python (D:4)
  3 bats
6 creatures vanquished.

Vanquished Creatures (collateral kills)
  A black mamba (Lair:1)
  A polar bear (Lair:1)
  Prince Ribbit (D:7)
  A shadow (D:7)
  3 yaks (D:9)
  3 wyverns
  A steam dragon (D:9)
  A basilisk (Lair:1)
  4 water moccasins
  Pargi (Sewer)
  2 orc warriors
  2 sky beasts
  A necrophage (D:6)
  A black bear (D:8)
  An ice beast (D:5)
  An ogre (D:5)
  4 wolves (Lair:1)
  2 centaurs
  3 phantoms
  3 kobold brigands (D:7)
  4 bullfrogs
  2 scorpions
  A gnoll sergeant (D:9)
  3 killer bees (D:9)
  2 howler monkeys
  3 hounds
  A bullfrog skeleton (D:6)
  3 orc priests
  A centaur skeleton (D:4)
  2 iguanas (D:4)
  Ijyb (D:5)
  10 orc wizards
  A hound zombie (D:5)
  2 hound skeletons
  A howler monkey zombie (D:8)
  3 gnolls (D:9)
  4 adders
  A shadow imp (D:6)
  A white imp (D:6)
  An ufetubus (D:6)
  3 worms
  2 dart slugs
  21 orcs
  6 ball pythons
  8 endoplasms
  6 giant cockroaches
  2 gnoll zombies (Ossuary)
  6 goblins
  4 hobgoblins
  10 jackals
  15 kobolds
  A quokka (D:4)
  3 bats
  7 frilled lizards
  2 kobold zombies (Ossuary)
  An orc zombie (Ossuary)
  15 rats
196 creatures vanquished.

Vanquished Creatures (others)
  A hydra (Lair:1)
  2 two-headed ogres
  An elephant (D:8)
  5 yaks
  A basilisk (D:8)
  A water moccasin (D:5)
  A black bear (D:8)
  A wolf (Lair:1)
  A centaur (D:8)
  6 killer bees (D:8)
  A centaur zombie (D:5)
  An orc wizard (D:9)
  2 fungi (Lair:1)
  A plant (D:8)
25 creatures vanquished.

Grand Total: 227 creatures vanquished

Notes
Turn   | Place    | Note
-------+----------+-------------------------------------------
     0 | D:1      | murtidash the Felid Summoner began the quest for the Orb.
     0 | D:1      | Reached XP level 1. HP: 7/7 MP: 4/4
   181 | D:1      | Reached XP level 2. HP: 11/11 MP: 3/6
   184 | D:1      | Learned a level 2 spell: Call Imp
  1137 | D:2      | Reached XP level 3. HP: 7/14 MP: 5/8
  1141 | D:2      | Learned a level 3 spell: Call Canine Familiar
  1369 | D:2      | Reached skill level 3 in Spellcasting
  1419 | D:2      | Reached XP level 4. HP: 18/18 MP: 5/9
  1469 | D:2      | Learned a level 3 spell: Summon Guardian Golem
  1925 | D:2      | Found a faded altar of an unknown god.
  2136 | D:3      | Reached skill level 1 in Hexes
  2136 | D:3      | Reached skill level 5 in Summonings
  2202 | D:3      | Found Valouh's Assorted Antiques.
  2414 | D:3      | Reached skill level 2 in Hexes
  2419 | D:3      | Noticed a phantom
  2443 | D:3      | Killed a phantom
  2444 | D:3      | Reached skill level 3 in Hexes
  2444 | D:3      | Reached XP level 5. HP: 21/21 MP: 5/10
  2823 | D:3      | Reached skill level 4 in Hexes
  2844 | D:3      | Gained mutation: You are covered in thick fur. (AC +2)
                  | [Felid growth]
  2844 | D:3      | Reached XP level 6. HP: 24/24 MP: 11/11
  2847 | D:3      | Found a basalt altar of Yredelemnul.
  2852 | D:3      | Found a snail-covered altar of Cheibriados.
  2858 | D:3      | Found a shimmering blue altar of Sif Muna.
  2861 | D:3      | Found a white marble altar of Elyvilon.
  2864 | D:3      | Found an ancient bone altar of Kikubaaqudgha.
  2869 | D:3      | Found a hide-covered altar of Uskayaw.
  3025 | D:4      | Found a sand-covered staircase.
  3030 | Ossuary  | Entered an ossuary
  3371 | D:4      | Found an iron altar of Okawaru.
  3477 | D:4      | Found a broken altar of Ashenzari.
  3515 | D:4      | Noticed a yak
  3516 | D:4      | Noticed a yak
  3516 | D:4      | Noticed a yak
  3526 | D:4      | Reached skill level 6 in Summonings
  3536 | D:4      | Killed a yak
  3537 | D:4      | Reached skill level 5 in Hexes
  3550 | D:4      | Noticed a yak
  3551 | D:4      | Killed a yak
  3552 | D:4      | Reached skill level 7 in Summonings
  3552 | D:4      | Reached XP level 7. HP: 27/27 MP: 8/12
  3554 | D:4      | Killed a yak
  3555 | D:4      | Reached skill level 1 in Fighting
  3555 | D:4      | Reached skill level 3 in Dodging
  3555 | D:4      | Reached skill level 1 in Air Magic
  3563 | D:4      | Killed a yak
  3634 | D:4      | Found a staircase to the Ecumenical Temple.
  3643 | Temple   | Entered the Ecumenical Temple
  3685 | Temple   | Became a worshipper of Gozag Ym Sagoz the Greedy
  3884 | D:4      | Found an ornate altar of the Wu Jian Council.
  3925 | D:4      | Reached skill level 2 in Fighting
  3925 | D:4      | Reached skill level 4 in Dodging
  4185 | D:5      | Entered Level 5 of the Dungeon
  4321 | D:4      | Reached skill level 2 in Air Magic
  4321 | D:4      | Reached XP level 8. HP: 33/33 MP: 1/13
  4422 | D:4      | Learned a level 4 spell: Summon Lightning Spire
  4550 | D:5      | Noticed Ijyb
  4934 | D:5      | Reached skill level 8 in Summonings
  5157 | D:5      | Found a sacrificial altar of Ru.
  5506 | D:5      | Killed Ijyb
  5507 | D:5      | Reached skill level 3 in Fighting
  5507 | D:5      | Reached skill level 5 in Dodging
  5748 | D:5      | Reached skill level 3 in Air Magic
  6125 | D:6      | Reached skill level 6 in Dodging
  6234 | D:6      | Found a bloodstained altar of Trog.
  6328 | D:6      | Found a glowing drain.
  6344 | Sewer    | Entered a sewer
  6382 | Sewer    | Noticed Pargi
  6403 | Sewer    | Killed Pargi
  6404 | Sewer    | Reached skill level 4 in Fighting
  6765 | D:6      | Reached XP level 9. HP: 39/39 MP: 9/14
  7395 | D:7      | Reached skill level 4 in Air Magic
  7644 | D:7      | Reached skill level 7 in Dodging
  7644 | D:7      | Reached skill level 9 in Summonings
  7723 | D:7      | Noticed Prince Ribbit
  7737 | D:7      | Killed Prince Ribbit
  7794 | D:7      | Reached skill level 5 in Fighting
  8608 | D:8      | Found a staircase to the Lair.
  8626 | D:8      | Reached skill level 5 in Air Magic
  8639 | D:8      | Reached skill level 8 in Dodging
  8657 | D:8      | Noticed an elephant
  8677 | D:8      | Killed an elephant
  8762 | D:8      | Noticed a two-headed ogre
  8777 | D:8      | Killed a two-headed ogre
  8778 | D:8      | Reached skill level 6 in Fighting
  8778 | D:8      | Reached XP level 10. HP: 45/45 MP: 6/15
  9305 | D:8      | Reached skill level 9 in Dodging
  9327 | D:8      | Reached skill level 10 in Summonings
  9948 | D:9      | Reached skill level 6 in Air Magic
  9986 | D:9      | Noticed a two-headed ogre
 10001 | D:9      | Killed a two-headed ogre
 10002 | D:9      | Reached skill level 7 in Fighting
 10071 | D:9      | Found Sacs's Magic Scroll Boutique.
 10165 | D:9      | Bought a scroll of magic mapping for 42 gold pieces
 10165 | D:9      | Bought a scroll of fog for 24 gold pieces
 10165 | D:9      | Bought a scroll of immolation for 42 gold pieces
 10312 | D:9      | Reached skill level 10 in Dodging
 11167 | Lair:1   | Entered Level 1 of the Lair of Beasts
 11202 | Lair:1   | Noticed a seven-headed hydra
 11220 | Lair:1   | Killed a seven-headed hydra
 11221 | Lair:1   | Reached skill level 1 in Transmutations
 11221 | Lair:1   | Reached XP level 11. HP: 50/50 MP: 14/16
 11315 | Lair:1   | Reached skill level 2 in Transmutations
 11315 | Lair:1   | Reached skill level 7 in Air Magic
 11783 | Lair:1   | Noticed Sonja
 11788 | Lair:1   | Cast into level 1 of the Abyss (Sonja)
 11817 | Abyss:1  | Noticed a Hell Sentinel
 11856 | Abyss:1  | HP: 7/51 [centaur warrior simulacrum (19)]
 11856 | Abyss:1  | Mangled by a centaur warrior simulacrum
 11857 | Abyss:1  | Reached XP level 10. HP: -11/48 MP: 24/24
 11901 | Abyss:1  | Noticed a starcursed mass
 11908 | Abyss:1  | Noticed a wretched star
 11910 | Abyss:1  | Noticed a phantasmal warrior
 11911 | Abyss:1  | Noticed a starcursed mass
 11918 | Abyss:1  | HP: 8/48 [wretched star/lance of force (26)]
 11918 | Abyss:1  | Collided with a stone wall
 11919 | Abyss:1  | Reached XP level 9. HP: -4/43 MP: 22/23
 11969 | Abyss:1  | Noticed a wretched star
 12014 | Abyss:1  | Noticed an ancient zyme
 12032 | Abyss:2  | Noticed a worldbinder
 12039 | Abyss:2  | Noticed an ancient zyme
 12053 | Abyss:2  | Noticed a deep elf pyromancer
 12067 | Abyss:2  | Noticed a deep elf pyromancer
 12069 | Abyss:2  | Noticed a deep elf zephyrmancer
 12069 | Abyss:2  | Noticed a deep elf zephyrmancer
 12069 | Abyss:2  | Noticed a deep elf knight
 12113 | Abyss:2  | Noticed a deep elf pyromancer
 12133 | Abyss:2  | Noticed a smoke demon
 12138 | Abyss:2  | Noticed a thrashing horror
 12141 | Abyss:2  | HP: 8/43 [small abomination (3)]
 12141 | Abyss:2  | Slain by a small abomination

Illustrated notes

Levels and vault maps discovered:
D:1:      eino_arrival_water_cross, layout_basic, hangedman_glass_teeth,
          roderic_lattice_a
D:2:      layout_basic, ebering_ecumenical_altar_sacrificial,
          serial_bayou_lake_a
D:3:      layout_rooms, nicolae_overflow_hallway_of_the_gods, serial_shops,
          nicolae_shop_hallway_stairs, chequers_serial_rivers_small_b
D:4:      layout_basic, mainiacjoe_overflow_catch_the_wave, old_standard_altar,
          temple_hall, nicolae_ossuary_entry_plus, hangedman_decor_slide_cut
D:5:      layout_basic, nicolae_ru_awakened_eye, uniq_ijyb
D:6:      layout_rooms, mainiacjoe_overflow_alcove_1, portal_sewer_entry_e,
          grunt_ministairs_13, minmay_fountain_box, hangedman_decor_push
D:7:      layout_loops_ring, uniq_prince_ribbit1
D:8:      layout_basic, david_lair_generic
D:9:      layout_irregular_city, serial_shops, nicolae_inconvenience_store
Temple:   pf_slimified_temple
Lair:1:   layout_layer_cave, uniq_sonja, uniq_urug
Abyss:2:  base: D:15, onia_ninara_dug_in_and_dangerous

Skill      XL: |  1  2  3  4  5  6  7  8  9 10 11 |
---------------+----------------------------------+-----
Spellcasting   | 3 |  3.1
Hexes          | 3 4 5 |  5.0
Summonings     | 5 7 8 9 10 | 10.8
Fighting       | 2 4 6 7 |  7.7
Dodging        | 4 6 8 10 | 10.5
Air Magic      | 2 3 5 6 7 |  7.0
Transmutations | 1 2 |  2.3
Stealth        | |  2.6

Action                   |  1- 3 |  4- 6 |  7- 9 | 10-12 || total
-------------------------+-------+-------+-------+-------++-------
Melee: Unarmed           |    10 |    20 |     7 |     2 ||    39
       Bite              |     1 |     2 |     1 |       ||     4
 Cast: Summon Small Mamm |    33 |     5 |     1 |     1 ||    40
       Call Imp          |    12 |     5 |     1 |       ||    18
       Call Canine Famil |     2 |    24 |    54 |    16 ||    96
       Summon Guardian G |       |     2 |    18 |    16 ||    36
       Summon Lightning  |       |       |       |    18 ||    18
  Use: Scroll            |       |       |     7 |     4 ||    11
 Stab: Distracted        |       |       |       |     1 ||     1
Armor: Skin              |     2 |     7 |     3 |     2 ||    14
Dodge: Dodged            |    20 |    48 |    44 |    41 ||   153

Table legend: (Time is in decaauts)
 A = Elapsed time spent in this place.
 B = Non-inter-level travel time spent in this place.
 C = Inter-level travel time spent in this place.
 D = Time resting spent in this place.
 E = Time spent auto-exploring this place.
 F = Levels seen in this place.
 G = Mean time per level.
                   A        B        C        D        E       F      G
               +--------+--------+--------+--------+--------+-----+--------+
         Total |  10604 |  10324 |    280 |    150 |   7200 |  15 |  706.9 |
       Dungeon |   9423 |   9173 |    250 |    121 |   6716 |   9 | 1047.0 |
        Temple |     64 |     36 |     28 |      0 |     25 |   1 |   64.0 |
          Lair |    542 |    542 |      0 |     29 |    369 |   1 |  542.0 |
         Abyss |    293 |    293 |      0 |      0 |      0 |   2 |  146.5 |
         Sewer |    213 |    213 |      0 |      0 |     89 |   1 |  213.0 |
       Ossuary |     67 |     67 |      0 |      0 |      0 |   1 |   67.0 |
               +--------+--------+--------+--------+--------+-----+--------+

Top non-repeatable levels by time:
     D:5: 1450 daAuts
     D:8: 1262 daAuts
     D:4: 1170 daAuts
     D:9: 1072 daAuts
     D:2: 969 daAuts
     D:1: 947 daAuts
     D:7: 932 daAuts
     D:6: 918 daAuts
     D:3: 699 daAuts
  Lair:1: 542 daAuts
   Sewer: 213 daAuts
 Abyss:1: 195 daAuts
 Abyss:2: 97 daAuts
 Ossuary: 67 daAuts
  Temple: 64 daAuts

Table legend:
 A = Kills in this place as a percentage of kills in entire the game.
 B = Kills by you in this place as a percentage of kills by you in the entire game.
 C = Kills by friends in this place as a percentage of kills by friends in the entire game.
 D = Other kills in this place as a percentage of other kills in the entire game.
 E = Experience gained in this place as a percentage of experience gained in the entire game.
 F = Experience gained in this place divided by the number of levels of this place that you have seen.
                   A       B       C       D       E      F
               +-------+-------+-------+-------+-------+----------------------
         Total | 100.0 | 100.0 | 100.0 | 100.0 | 100.0 | 875.1
       Dungeon |  89.7 | 100.0 |  89.3 |  90.9 |  76.8 | 1120.4
          Lair |   5.8 |   0.0 |   5.6 |   9.1 |  22.0 | 2890.0
         Sewer |   2.2 |   0.0 |   2.6 |   0.0 |   1.1 | 146.0
       Ossuary |   2.2 |   0.0 |   2.6 |   0.0 |   0.1 |   7.0
               +-------+-------+-------+-------+-------+----------------------
